 Dungeon Crawl Stone Soup version 0.28.0-49-g6dfe1f597d (webtiles) character file.

Game seed: 13106032902722436175

1348 Gabide the Cudgeller (level 8, 0/56 HPs)
             Began as a Djinni Fire Elementalist on May 20, 2022.
             Was a Plaything of Xom.
             Slain by Pikel
             ... wielding a +1 whip of flaming
              (10 damage)
             ... on level 6 of the Dungeon.
             The game lasted 00:23:54 (7499 turns).

Gabide the Cudgeller (Djinni Fire Elementalist)     Turns: 7499, Time: 00:23:55

Health: 0/56       AC:  8    Str:  7    XL:     8   Next: 94%
Gold:   83         EV: 12    Int: 18    God:    Xom [..*...] SH:  0 Dex: 15

rFire   + + .      SeeInvis .   p - +8 club
rCold   x . .      Faith    .   (no shield)
rNeg    . . .      Spirit   .   g - +0 leather armour
rPois   ∞          Reflect  .   (no helmet)
rElec   .          Harm     .   q - +1 cloak
rCorr   .          Rampage  .   s - +2 pair of gloves
Will    +....                   (boots unavailable)
Stlth   ++........              (no amulet)
HPRegen 0.18/turn               h - ring of willpower
MPRegen 0.00/turn               (no ring)

@: flying
A: sickness immunity, fire resistance 2, cold vulnerability 1, float, innate
caster, HP casting, extra vitality 1
a: Renounce Religion


You were on level 6 of the Dungeon.
You worshipped Xom.
You were a toy of Xom.
You visited 2 branches of the dungeon, and saw 7 of its levels.

You collected 245 gold pieces.
You spent 162 gold pieces at shops.

Inventory:

Hand Weapons
 o - the +5 dagger of the Swamp {vorpal, rCorr Stlth+}
   (You found it on level 2 of the Dungeon)

   It inflicts extra damage upon your enemies.
   rCorr:     It protects you from acid and corrosion.
   Stlth:     It makes you more stealthy.
 p - a +8 club (weapon)
 z - a +2 vorpal flail
 C - the +4 dagger "Morg" {pain, Will+ Int+5}
   (You took it off an orc on level 5 of the Dungeon)

   In the hands of one skilled in necromantic magic, it inflicts extra damage on
   living creatures.
   Your inability to study Necromancy prevents you from drawing on the full
   power of this weapon.
   Int:       It affects your intelligence (+5).
   Will:      It increases your willpower.
Missiles
 t - 3 atropa-tipped darts
Armour
 g - a +0 leather armour (worn)
 q - a +1 cloak (worn)
 s - a +2 pair of gloves (worn)
 w - a +0 ring mail
Jewellery
 h - a ring of willpower (left hand)
Wands
 a - a wand of iceblast (9)
 l - a wand of polymorph (5)
 x - a wand of mindburst (14)
Scrolls
 d - 2 scrolls of noise
 e - a scroll of torment
 i - a scroll of magic mapping
 k - a scroll of brand weapon {unknown}
 n - a scroll of amnesia
 u - a scroll of teleportation
 D - a scroll of acquirement {unknown}
Potions
 b - 2 potions of brilliance
 c - 2 potions of haste {unknown}
 f - 2 potions of mutation
 j - a potion of curing
 m - 2 potions of degeneration
 r - 2 potions of attraction


   Skills:
 - Level 3.0 Fighting
 + Level 6.8 Maces & Flails
 - Level 2.0 Armour
 - Level 3.0 Dodging
 - Level 1.5 Stealth
 - Level 3.9 Spellcasting


You couldn't memorise any spells.
You knew the following spells:

 Your Spells              Type           Power      Damage    Failure   Level
a - Foxfire               Conj/Fire      68%        2x1d7     4%          1
b - Scorch                Fire           34%        2d7       6%          2
c - Conjure Flame         Conj/Fire      17%        6-21      13%         3
d - Inner Flame           Hex/Fire       17%        N/A       13%         3
e - Flame Wave            Conj/Fire      17%        2d6       38%         4
f - Sting                 Tmut/Pois      68%        1d6       4%          1
g - Blink                 Tloc           34%        N/A       6%          2
h - Lesser Beckoning      Tloc           17%        N/A       13%         3
Your spell library was empty.

Dungeon Overview and Level Annotations

Branches:
Dungeon (6/15)             Temple (1/1) D:4

Altars:
Ashenzari
Dithmenos
Elyvilon
Gozag
Hepliaklqana
Makhleb
Nemelex Xobeh
Okawaru
Qazlal
Sif Muna
Trog
Uskayaw
Vehumet
Wu Jian
Xom
Yredelemnul
Zin
The Shining One

Shops:
D:3 ?*

Annotations:
D:5 1 runed translucent door, Gabide's ghost, weakling BaDe
D:6 Pikel


Innate Abilities, Weirdness & Mutations

You are immune to sickness and miasma.
You are immune to poison.
Your flesh is very heat resistant. (rF++)
You are vulnerable to cold. (rC-)
You float through the air rather than walking.
You learn spells naturally, not from books.
Your magical power is your life essence.
You have superior vitality. (+4 MHP)


Message History

You assume a fearsome visage.
Pikel looks frightened!
The lemure looks frightened! x3
The lemure is no longer more vulnerable to fire.
Cornered, Pikel turns to fight!
Casting: Scorch (safe; 6% risk of failure)
Press: ? - help, Q - select action, (/) - cycle Dir - look around, f - activate
Okay, then.
Casting: Scorch (safe; 6% risk of failure)
Confirm with . or Enter, or press ? or * to list all spells.
You conjure some foxfire!
Pikel says, "I knew I should've brought a map."
Casting: Scorch (safe; 6% risk of failure)
Press: ? - help, Q - select action, (/) - cycle Dir - look around, f - activate Flames lash Pikel.
Pikel is lightly wounded.
Pikel's fire resistance burns away.
* * * LOW HITPOINT WARNING * * *
The foxfire hits Pikel but does no damage.
Pikel is lightly wounded.
The foxfire hits Pikel.
Pikel is lightly wounded.
Casting: Scorch (safe; 6% risk of failure)
Press: ? - help, Q - select action, (/) - cycle Dir - look around, f - activate Flames lash Pikel.
Pikel is burned terribly!
Pikel is severely wounded.
* * * LOW HITPOINT WARNING * * *
Unknown command.
Casting: Scorch (safe; 6% risk of failure)
Press: ? - help, Q - select action, (/) - cycle Dir - look around, f - activate Flames lash Pikel but do no damage.
* * * LOW HITPOINT WARNING * * *
Pikel closely misses you.
Casting: Scorch (safe; 6% risk of failure)
Press: ? - help, Q - select action, (/) - cycle Dir - look around, f - activate Flames lash Pikel.
Pikel is burned terribly!
Pikel is almost dead.
* * * LOW HITPOINT WARNING * * *
Pikel hits you with a +1 whip of flaming!
You die...
Xom snickers!

#....# ##..[#
#....... #....#
##### #.......
#....#####
##'##...
#........#
####..##...
#........######
#..........
#.............#
#..........
#.............#
####..##...
#########.....#
.)☼..##...
#...K@#
#.☼........
#.....#
#..°.......
#.....#
#..○§○..####
#######
#....°..#
#.......# ####


You could see Pikel (combustible).

Vanquished Creatures
  A hornet zombie (D:5)
  A sky beast (D:6)
  An ogre (D:5)
  A necrophage (D:3)
  A phantom (D:5)
  A lemure (D:6)
  A wyvern zombie (D:5)
  2 scorpions
  A bullfrog zombie (D:6)
  2 orc priests
  A hound (D:5)
  Jessica (D:2)
  6 iguanas
  2 orc wizards
  A hound skeleton (D:5)
  4 gnolls (D:4)
  5 adders
  A howler monkey skeleton (D:6)
  An ufetubus (D:6)
  An adder skeleton (D:4)
  2 worms (D:2)
  2 dart slugs
  19 orcs
  11 ball pythons
  8 endoplasms
  2 giant cockroaches
  5 goblins
  5 hobgoblins
  2 jackals (D:2)
  6 kobolds
  3 quokkas
  2 bats
  3 frilled lizards
  3 rats
108 creatures vanquished.

Vanquished Creatures (others)
  A two-headed ogre (D:5)
  A scorpion (D:5)
  An orc priest (D:5)
  A gnoll (D:5)
  An adder (D:5)
  137 foxfires
  2 withered plants (D:5)
144 creatures vanquished.

Grand Total: 252 creatures vanquished

Notes
Turn   | Place    | Note
-------+----------+-------------------------------------------
     0 | D:1      | Gabide the Djinni Fire Elementalist began the quest for the
                  | Orb.
     0 | D:1      | Reached XP level 1. HP: 15/15 MP: 0/0
   301 | D:1      | Reached skill level 1 in Fighting
   301 | D:1      | Reached XP level 2. HP: 17/22 MP: 0/0
  1110 | D:1      | Reached XP level 3. HP: 26/27 MP: 0/0
  1110 | D:1      | Learned a level 1 spell: Sting
  2164 | D:2      | Reached XP level 4. HP: 22/33 MP: 0/0
  2325 | D:2      | Identified the +5 dagger of the Swamp {vorpal, rCorr
                  | Stlth+}
  2508 | D:2      | Noticed Jessica
  2515 | D:2      | Killed Jessica
  2781 | D:3      | Found Rial's Assorted Antiques.
  3061 | D:3      | Found Ocreis's Magic Scroll Boutique.
  3061 | D:3      | Noticed a necrophage
  3068 | D:3      | Killed a necrophage
  3069 | D:3      | Reached XP level 5. HP: 26/40 MP: 0/0
  3069 | D:3      | Learned a level 2 spell: Blink
  3697 | D:3      | Found an opulent altar of Gozag.
  3697 | D:3      | Found a bloodstained altar of Trog.
  3874 | D:4      | Reached XP level 6. HP: 41/46 MP: 0/0
  3899 | D:4      | Reached skill level 1 in Armour
  4116 | D:3      | Bought a scroll of identify for 26 gold pieces
  4341 | D:4      | Reached skill level 1 in Maces & Flails
  4585 | D:3      | Bought a scroll of identify for 26 gold pieces
  4585 | D:3      | Bought a scroll of fear for 45 gold pieces
  4585 | D:3      | Bought a scroll of teleportation for 39 gold pieces
  4585 | D:3      | Bought a scroll of identify for 26 gold pieces
  4679 | D:4      | Found a staircase to the Ecumenical Temple.
  4685 | D:4      | Reached skill level 2 in Maces & Flails
  4685 | D:4      | Reached XP level 7. HP: 22/50 MP: 0/0
  4685 | D:4      | Learned a level 3 spell: Lesser Beckoning
  4918 | Temple   | Entered the Ecumenical Temple
  5218 | D:5      | Entered Level 5 of the Dungeon
  5219 | D:5      | Found a runed translucent door.
  5219 | D:5      | Noticed Gabide's ghost (weakling BaDe)
  5622 | D:5      | Reached skill level 3 in Maces & Flails
  5929 | D:5      | Found a shimmering altar of Xom.
  5929 | D:5      | Noticed a two-headed ogre
  5942 | D:5      | Killed a two-headed ogre
  5943 | D:5      | Reached skill level 4 in Maces & Flails
  5943 | D:5      | Reached XP level 8. HP: 35/56 MP: 0/0
  5947 | D:5      | Reached skill level 5 in Maces & Flails
  6211 | D:5      | Became a worshipper of Xom of Chaos
  6262 | D:5      | Reached skill level 6 in Maces & Flails
  7042 | D:6      | Found a hazy altar of Hepliaklqana.
  7056 | D:6      | XOM: confuse monster(s)
  7442 | D:6      | XOM: god gift: 3 atropa-tipped darts
  7451 | D:6      | Noticed Pikel
  7454 | D:6      | XOM: confuse monster(s)
  7499 | D:6      | Slain by Pikel

Illustrated notes

Levels and vault maps discovered:
D:1:      nicolae_arrival_somewhat_less_tricky_arrival, layout_basic
D:2:      layout_loops_cross, uniq_jessica
D:3:      layout_basic, amethyst_overflow_temple_binary, serial_shops,
          nicolae_shop_waterfront, shop
D:4:      layout_rooms, mainiacjoe_overflow_six_doors_small,
          minmay_temple_entry_hall, chequers_serial_rivers_small_b
D:5:      layout_cave_pools, xom_confusion_cloud, gammafunk_ghost_grave
D:6:      layout_gridville, fiery_altar_vehumet,
          mainiacjoe_overflow_surrounded_room, lemuel_crystal_altar,
          uniq_blork_the_orc, uniq_pikel
Temple:   nicolae_temple_x_marks_the_god

Skill      XL: |  1  2  3  4  5  6  7  8 |
---------------+-------------------------+-----
Fighting       | 1 2 3 |  3.0
Dodging        | 3 |  3.0
Spellcasting   | 3 |  3.9
Armour         | 2 |  2.0
Maces & Flails | 2 4 6 |  6.8
Stealth        | |  1.5

Action                   |  1- 3 |  4- 6 |  7- 9 || total
-------------------------+-------+-------+-------++-------
Melee: Club              |       |       |     1 ||     1
 Cast: Foxfire           |    50 |     5 |    28 ||    83
       Scorch            |    11 |    58 |    81 ||   150
       Inner Flame       |       |       |     2 ||     2
       Blink             |       |       |     4 ||     4
  Use: Scroll            |     4 |     5 |     7 ||    16
Armor: Robe              |     1 |       |       ||     1
       Leather armour    |       |     7 |     9 ||    16
Dodge: Dodged            |    10 |    14 |    41 ||    65
